AoeStats
← [KMNB] Bandeira

Lombardia

508637405Analyzed
2v2 RM · 10d ago on Sep 23, 2026· 45m 26s· 4 players
Game mode
Random Map
Map size
Medium (4 player)
Population
200
Speed
Normal
Resources
Standard
Victory
Conquest
Starting age
Dark Age
Ending age
Imperial Age
RankedLock teamsTeams togetherTeam positionsShared explorationLock speedFull tech treeHidden civsTurbo modeCheats
Victory
Defeat
🇧🇷 Persians · Brazil
1568
+14
🇧🇷 Italians · Brazil
1526
+16
🇳🇴 Hindustanis · Norway
1558
-16
🇳🇴 Varangians · Norway
1496
-14
Patman
5:59 Loom
8:45 Feudal Age
9:24 Double-Bit Axe
9:32 Horse Collar
13:54 Scale Barding Armor
19:08 Castle Age
20:34 Bow Saw
23:28 Wheelbarrow
22:42 Town Watch
24:41 Scale Mail Armor
24:44 Squires
27:04 Chain Mail Armor
30:47 Hand Cart
31:49 Forging
32:50 Grand Trunk Road
37:16 Imperial Age
35:17 Heavy Plow
36:07 Iron Casting
35:59 Bloodlines
37:51 Elite Ghulam
39:34 Blast Furnace
38:12 Light Cavalry
38:55 Husbandry
40:22 Chain Barding Armor
40:14 Bloodlines
39:32 Heavy Camel Rider
40:38 Conscription
41:10 Masonry
42:26 Plate Barding Armor
41:58 Imperial Camel Rider
sahrmed
4:45 Loom
9:26 Feudal Age
10:24 Double-Bit Axe
10:59 Bloodlines
12:23 Horse Collar
14:31 Scale Barding Armor
25:27 Castle Age
28:14 Husbandry
28:35 Chain Barding Armor
29:56 Town Watch
34:45 Forging
[KMNB] Bandeira
6:06 Loom
8:46 Feudal Age
9:15 Double-Bit Axe
16:56 Forging
18:04 Wheelbarrow
21:19 Castle Age
20:06 Bloodlines
20:42 Horse Collar
21:37 Scale Barding Armor
21:24 Gold Mining
28:32 Iron Casting
29:36 Husbandry
31:59 Chain Barding Armor
32:26 Bow Saw
32:19 Heavy Plow
38:32 Imperial Age
38:54 Hand Cart
38:08 Cavalier
39:54 Savar
42:43 Blast Furnace
42:23 Plate Barding Armor
43:47 Pikeman
44:28 Squires
44:30 Halberdier
[KMNB] Dedão
6:25 Loom
9:09 Feudal Age
10:06 Double-Bit Axe
12:20 Fletching
16:04 Horse Collar
18:48 Wheelbarrow
18:48 Padded Archer Armor
23:13 Castle Age
22:20 Gold Mining
23:21 Crossbowman
23:58 Bodkin Arrow
24:45 Bow Saw
24:45 Heavy Plow
25:28 Ballistics
25:53 Hand Cart
27:06 Leather Archer Armor
30:03 Town Watch
30:23 Stone Mining
30:42 Thumb Ring
34:41 Imperial Age
35:25 Bracer
34:59 Arbalester
37:18 Chemistry
37:55 Conscription
38:52 Ring Archer Armor
38:28 Scale Barding Armor
40:27 Coinage
41:21 Crop Rotation
41:54 Two-Man Saw
41:08 Masonry
41:06 Caravan
42:37 Chain Barding Armor
42:28 Forging
43:09 Husbandry
42:30 Light Cavalry
43:57 Bloodlines
44:46 Plate Barding Armor
44:47 Iron Casting
44:13 Hussar
Connection lost

Rejoining the realm…

Still unreachable

The connection could not be restored.

Session expired

The server has moved on; the page needs a fresh start.